 Dungeon Crawl Stone Soup version 0.27.1-16-g815e20cd7a (webtiles) character file.

Game seed: 13611934578160376787

1226 riftmaster1123 the Chiller (level 8, -1/61 HPs)
             Began as a Black Draconian Ice Elementalist on Nov 22, 2021.
             Succumbed to a scorpion's poison
             ... on level 6 of the Dungeon on Nov 23, 2021.
             The game lasted 00:48:38 (5048 turns).

riftmaster1123 the Chiller (DrIE)                   Turns: 5048, Time: 00:48:39

Health: -1/61      AC:  8    Str: 10    XL:     8   Next: 23%
Magic:  2/15       EV: 17    Int: 15    God:
Gold:   297        SH:  5    Dex: 11    Spells: 2/17 levels left

rFire    + + +     SeeInvis .   f - +3 dagger (speed)
rCold    . . .     Faith    .   (no shield)
rNeg     + + .     Spirit   .   (armour unavailable)
rPois    .         Reflect  +   (helmet restricted)
rElec    +         Harm     .   (no cloak)
rCorr    .         Rampage  .   k - +1 pair of gloves
Will     .....                  (no boots)
Stlth    ++........             m - amulet of reflection
HPRegen  0.20/turn              l - ring of Ecuyqos {Fly rF+++ rN++ EV+4 Int-4}
MPRegen  0.14/turn              b - ring of wizardry

@: lethally poisoned (-1 -> -21), flying
A: breathe lightning, AC +6, unfitting armour, electricity resistance,
cold-blooded
a: Breathe Lightning


You were on level 6 of the Dungeon.
You visited 1 branch of the dungeon, and saw 6 of its levels.
You also visited: Sewer.

You collected 297 gold pieces.

Inventory:

Hand Weapons
 f - a +3 dagger of speed (weapon)
 j - a +0 war axe
Missiles
 a - 198 stones
 p - 4 boomerangs (quivered)
Armour
 k - a +1 pair of gloves (worn)
Jewellery
 b - a ring of wizardry (right hand)
 l - the ring of Ecuyqos (left hand) {Fly rF+++ rN++ EV+4 Int-4}
   (You found it in a sewer)

   [ring of evasion]

   EV:        It affects your evasion (+4).
   Int:       It affects your intelligence (-4).
   rF:        It renders you almost immune to fire.
   rN:        It greatly protects you from negative energy.
   Fly:       It grants you flight.
 m - an amulet of reflection (around neck)
 r - the ring of the Jolly Xenops {rC- rCorr Dex+6}
   (You found it on level 5 of the Dungeon)

   [ring of resist corrosion]

   Dex:       It affects your dexterity (+6).
   rC:        It makes you vulnerable to cold.
   rCorr:     It protects you from acid and corrosion.
 u - an amulet of regeneration
Wands
 n - a wand of flame (12)
 q - a wand of polymorph (13)
Scrolls
 g - a scroll of torment
 i - a scroll of teleportation
 t - a scroll of enchant weapon {unknown}
Potions
 c - a potion of heal wounds {unknown}
 d - 2 potions of might
 e - a potion of lignification
 h - a potion of ambrosia
 o - 2 potions of invisibility
 s - a potion of haste {unknown}


   Skills:
 + Level 1.9 Fighting
 + Level 3.0 Short Blades
 + Level 0.4 Throwing
 * Level 4.0 Dodging
 + Level 2.4 Stealth
 + Level 1.9 Shields
 * Level 5.3 Spellcasting
 * Level 1.3 Conjurations
 * Level 1.5 Summonings
 + Level 0.2 Fire Magic
 + Level 6.0 Ice Magic


You had 2 spell levels left.
You knew the following spells:

 Your Spells              Type           Power      Damage    Failure   Level
a - Freeze                Ice            88%        1d10      1%          1
b - Frozen Ramparts       Ice            44%        1d6       1%          3
c - Hailstorm             Conj/Ice       14%        3d5       14%         4
d - Summon Guardian Gole  Hex/Summ       6%         N/A       14%         3
e - Ozocubu's Armour      Ice            22%        N/A       1%          3
f - Foxfire               Conj/Fire      24%        2x1d5     4%          1

Your spell library contained the following spells:

 Spells                   Type           Power      Damage    Failure   Level
 Summon Small Mammal      Summ           32%        N/A       3%          1
 Call Canine Familiar     Summ           8%         N/A       11%         3
 Conjure Flame            Conj/Fire      6%         6-21      14%         3
 Inner Flame              Hex/Fire       4%         N/A       17%         3
 Ignite Poison            Fire/Tmut/Pois 4%         N/A       19%         3
 Sticky Flame             Conj/Fire      6%         2d3       41%         4


Dungeon Overview and Level Annotations

Branches:
Dungeon (6/15)              Sewer (visited)
 Temple: D:4-7

Altars:
Fedhas

Shops:
D:1 *(((


Innate Abilities, Weirdness & Mutations

You can breathe wild blasts of lightning.
Your glossy black scales are hard. (AC +6)
You cannot fit into any form of body armour.
You are resistant to electric shocks. (rElec)
You are cold-blooded and may be slowed by cold attacks.


Message History

The wall freezes the scorpion.
You kill the scorpion!
You block the scorpion's attack.
Your Dodging skill increases to level 4!
Your frozen ramparts will break if you move.
Continue? [Y]es or [N]o only, please.
Your frozen ramparts will break if you move.
Continue? [Y]es or [N]o only, please.
Your frozen ramparts will break if you move.
Continue?
Uppercase [Y]es or [N]o only, please.
Your frozen ramparts will break if you move.
Continue?
The frozen ramparts melt away as you move.
The scorpion barely misses you. You block the scorpion's attack.
You swap places.
The scorpion barely misses you. You block the scorpion's attack.
The scorpion stings you.
You are poisoned.
The scorpion poisons you!
You feel sick. You block the scorpion's attack.
Your magical contamination has completely faded away.
You feel sick. The scorpion stings you.
You are more poisoned.
The scorpion poisons you!
You feel very sick. The scorpion barely misses you.
You hit the scorpion but do no damage.
The scorpion is heavily wounded.
You feel sick. The scorpion misses you.
You hit the scorpion.
The scorpion is almost dead.
You feel sick. The scorpion stings you!
* * * LOW HITPOINT WARNING * * *
You are more poisoned.
The scorpion poisons you!
You hit the scorpion.
You kill the scorpion!
* * * LOW HITPOINT WARNING * * *
You feel very sick.
Your Ice Magic skill increases to level 6!
You die...

##### #...# #######
### #...#
##.....##.... #...#
##..@.:....... #.<.#
#..8..........
#...####.............
##......)..?.........
#.#####.............
#..).# #.............
#....# #.............
##...v ##............
###.. ##...........


You could see a friendly guardian golem (summoned).

Vanquished Creatures
  An orc warrior (D:5)
  A sky beast (D:4)
  2 necrophages
  A centaur (D:6)
  2 scorpions (D:6)
  2 bullfrogs (Sewer)
  A howler monkey (D:4)
  A centaur zombie (D:5)
  A jelly (D:4)
  A centaur skeleton (D:5)
  3 iguanas (D:5)
  Jessica (D:2)
  A hound zombie (D:5)
  A hound skeleton (D:5)
  Robin (D:3)
  8 gnolls
  5 adders
  A shadow imp (D:5)
  A white imp (D:5)
  An ufetubus (D:4)
  2 worms
  2 dart slugs
  3 orcs (D:5)
  7 endoplasms
  11 giant cockroaches
  10 goblins
  12 hobgoblins
  6 jackals
  8 quokkas
  12 ball pythons
  4 bats
  4 frilled lizards
  8 kobolds
  6 rats
131 creatures vanquished.

Vanquished Creatures (others)
  5 demonic plants (D:2)
  13 foxfires
  9 fungi (D:2)
  10 plants
  4 withered plants (D:2)
41 creatures vanquished.

Grand Total: 172 creatures vanquished

Notes
Turn   | Place    | Note
-------+----------+-------------------------------------------
     0 | D:1      | riftmaster1123 the Draconian Ice Elementalist began the
                  | quest for the Orb.
     0 | D:1      | Reached XP level 1. HP: 14/14 MP: 3/3
   114 | D:1      | Reached XP level 2. HP: 5/20 MP: 0/5
   227 | D:1      | Found Hagheide's Weapon Emporium.
   389 | D:1      | Found Wefahoih's Assorted Antiques.
   566 | D:1      | Found Heut's Antique Weapon Boutique.
   666 | D:1      | Found Meocuh's Weapon Shoppe.
   849 | D:2      | Reached XP level 3. HP: 26/26 MP: 6/6
  1341 | D:2      | Learned a level 3 spell: Frozen Ramparts
  1479 | D:2      | Found a faded altar of an unknown god.
  1587 | D:2      | Noticed Jessica
  1590 | D:2      | Killed Jessica
  1591 | D:2      | Reached skill level 5 in Ice Magic
  1591 | D:2      | Reached XP level 4. HP: 34/34 MP: 2/7
  1895 | D:3      | Found a glowing drain.
  1923 | Sewer    | Entered a sewer
  2087 | Sewer    | Reached skill level 1 in Fighting
  2087 | Sewer    | Reached skill level 1 in Short Blades
  2145 | Sewer    | Noticed a bullfrog
  2148 | Sewer    | Noticed a bullfrog
  2155 | Sewer    | Killed a bullfrog
  2156 | Sewer    | Reached XP level 5. HP: 35/40 MP: 4/9
  2166 | Sewer    | Identified the ring of Ecuyqos {Fly rF+++ rN++ EV+4 Int-4}
  2871 | D:3      | Noticed Robin
  2883 | D:3      | Killed Robin
  2887 | D:3      | Reached XP level 6. HP: 47/47 MP: 2/10
  3134 | D:4      | Noticed a sky beast
  3188 | D:4      | Reached skill level 1 in Shields
  3220 | D:4      | Killed a sky beast
  3613 | D:4      | Your scales start taking on a glossy black colour.
  3613 | D:4      | Reached XP level 7. HP: 37/52 MP: 3/13
  3613 | D:4      | Gained mutation: You are resistant to electric shocks.
                  | (rElec) [Black Draconian growth]
  3883 | D:4      | Found a blossoming altar of Fedhas.
  4057 | D:5      | Entered Level 5 of the Dungeon
  4262 | D:5      | Learned a level 4 spell: Hailstorm
  4266 | D:5      | Learned a level 3 spell: Summon Guardian Golem
  4381 | D:5      | Learned a level 3 spell: Ozocubu's Armour
  4383 | D:5      | Learned a level 1 spell: Foxfire
  4665 | D:5      | Reached skill level 5 in Spellcasting
  4699 | D:5      | Identified the ring of the Jolly Xenops {rC- rCorr Dex+6}
  4856 | D:5      | Reached skill level 1 in Summonings
  4856 | D:5      | Reached XP level 8. HP: 55/60 MP: 6/15
  5003 | D:6      | Reached skill level 1 in Conjurations
  5048 | D:6      | Reached skill level 6 in Ice Magic
  5048 | D:6      | Succumbed to a scorpion's poison

Illustrated notes

Levels and vault maps discovered:
D:1:      dpeg_arrival_signposts, layout_basic, serial_shops, shop, shop, shop,
          nicolae_shop_statue_plus
D:2:      layout_loops_corners, shapermc_ecumenical_altar_gd, uniq_jessica
D:3:      layout_basic, gup_sewer_entry_pipe, kennysheep_path_1,
          kennysheep_nondescript, grunt_ministairs_12, uniq_robin
D:4:      layout_rooms, fedhas_ov_isle_minmay, grunt_decor_clamped
D:5:      layout_loops_ring
D:6:      layout_rooms, mainiacjoe_overflow_paths, minmay_temple_entry_offerings

Skill      XL: |  1  2  3  4  5  6  7  8 |
---------------+-------------------------+-----
Dodging        | 2 3 4 |  4.0
Stealth        | 2 |  2.4
Ice Magic      | 5 6 |  6.0
Fighting       | 1 |  1.9
Short Blades   | 1 2 3 |  3.0
Spellcasting   | 3 4 5 |  5.3
Shields        | 1 |  1.9
Summonings     | 1 |  1.5
Conjurations   | 1 |  1.3
Throwing       | |  0.4
Fire Magic     | |  0.2

Action                   |  1- 3 |  4- 6 |  7- 9 || total
-------------------------+-------+-------+-------++-------
Melee: Unarmed           |    22 |       |       ||    22
       Tailslap          |    15 |     8 |    19 ||    42
       Dagger            |    74 |   193 |   105 ||   372
       Club              |     6 |       |       ||     6
Throw: Stone             |     6 |    20 |       ||    26
       Boomerang         |       |       |     1 ||     1
 Cast: Freeze            |    22 |    41 |    19 ||    82
       Frozen Ramparts   |     3 |     6 |     8 ||    17
       Foxfire           |       |       |     9 ||     9
       Summon Guardian G |       |       |     1 ||     1
  Use: Scroll            |     1 |     6 |     1 ||     8
       Potion            |     1 |     3 |       ||     4
 Stab: Sleeping          |     3 |     3 |       ||     6
Armor: Skin              |    20 |   113 |    22 ||   155
Dodge: Dodged            |    56 |    91 |    76 ||   223
Block: Other             |       |    38 |    29 ||    67
